AoeStats
← Afu

Arabia

507269198Analyzed
1v1 RM · 14d ago on Sep 17, 2026· 35m 51s· 2 players
Game mode
Random Map
Map size
Tiny (2 player)
Population
200
Speed
Normal
Resources
Standard
Victory
Conquest
Starting age
Dark Age
Ending age
Imperial Age
RankedLock teamsTeams togetherTeam positionsShared explorationLock speedFull tech treeHidden civsTurbo modeCheats
Victory
Defeat
🇹🇼 Franks · Taiwan
1002
+37
🇨🇴 Koreans · Colombia
936
-13
Afu
7:41 Loom
7:52 Loom
10:32 Feudal Age
11:41 Double-Bit Axe
19:51 Castle Age
18:34 Gold Mining
19:41 Scale Barding Armor
20:10 Forging
21:30 Bow Saw
22:16 Gold Shaft Mining
23:48 Chain Barding Armor
24:54 Husbandry
27:16 Wheelbarrow
27:30 Iron Casting
29:36 Hand Cart
34:49 Imperial Age
32:45 Stone Mining
33:31 Town Watch
36:49 Blast Furnace
36:25 Plate Barding Armor
jhgomez13
7:17 Loom
10:44 Feudal Age
20:58 Castle Age
19:23 Fletching
20:09 Double-Bit Axe
20:28 Gold Mining
22:37 Husbandry
26:30 Forging
26:47 Bow Saw
26:46 Scale Mail Armor
33:36 Gold Shaft Mining
Connection lost

Rejoining the realm…

Still unreachable

The connection could not be restored.

Session expired

The server has moved on; the page needs a fresh start.